Senateurs vs Flames
Created - January 8, 2024 at 20:03
Goals
|
| Senateurs |
0 |
3 |
1 |
0 |
0 |
4 |
| Flames |
1 |
1 |
2 |
0 |
1 |
5 |
|
Shots
|
| Senateurs |
13 |
13 |
5 |
2 |
3 |
33 |
| Flames |
8 |
13 |
10 |
0 |
2 |
31 |
|
1st period
1. Flames , Sami Vatanen 7 (Anders Lee 5, David Ullstrom 7) at 11:48
Penalties :
Bryan Rust (Cal) for Hooking (Minor) at 0:22, Erik Gudbranson (Ott) for Hooking (Minor) at 7:33, Jimmy Hayes (Cal) for Cross-checking (Minor) at 14:51
2nd period
2. Flames , Anders Lee 3 (David Ullstrom 8, Kyle Palmieri 2) at 11:07
3. Senateurs , Jordan Martinook 7 (Erik Haula 18, Michael Frolik 8) at 11:42
4. Senateurs , Garnet Hathaway 1 (Tim Schaller 7, Michael Frolik 9) at 15:54
5. Senateurs , Michael Frolik 10 (Erik Haula 19) at 16:10
Penalties :
Jordan Martinook (Ott) for High sticking (Minor) at 1:08
3rd period
6. Flames , Anders Lee 4 (Colby Robak 6, David Ullstrom 9) at 10:46
7. Flames , Bryan Rust 12 (Esa Lindell 8, Brad Marchand 17) at 12:36
8. Senateurs , David Backes 17 (Derick Brassard 22, Brandon Sutter 27) at 19:58 (PP)
Penalties :
Erik Johnson (Cal) for Hooking (Minor) at 0:10, Garnet Hathaway (Ott) for Hooking (Minor) at 4:05, Jordan Martinook (Ott) for Hooking (Minor) at 12:45, Eric Gelinas (Ott) for Unsportsmanlike conduct (Minor) at 15:55, Colby Robak (Cal) for Holding Stick (Minor) at 19:08
Overtime #1
No Goal
Penalties :
No Penalty
Shootout
Senateurs, Derick Brassard - Stopped by Henrik Lundqvist
Flames, Eric Staal - Goal!
Senateurs, Brandon Sutter - Stopped by Henrik Lundqvist
Flames, Tanner Pearson - Shot Misses the Net
Senateurs, Erik Haula - Stopped by Henrik Lundqvist
Penalties :
No Penalty
Goalie Stats
Martin Jones (Ott), 27 saves from 31 shots - (0.871), OTL, 12-14-3, 64:12 minutes
Henrik Lundqvist (Cal), 29 saves from 33 shots - (0.879), W, 7-5-1, 65:00 minutes
Players Stats for Senateurs
Player Name G A P +/- PIM S H SB GA TA FO MP PP MP PK MP
------------------------------------------------------------------------------------
Brandon Dubinsky 0 0 0 -1 0 0 1 0 0 0 4/5 10:33 0:10 0:57
Brandon Sutter 0 1 1 -1 0 4 2 0 0 0 15/28 24:57 3:23 4:22
Braydon Coburn 0 0 0 -1 0 0 0 1 0 0 0/0 14:39 0:02 1:28
David Backes 1 0 1 -1 0 3 1 1 1 0 0/1 19:13 3:26 0:00
Derick Brassard 0 1 1 -1 0 3 3 2 1 1 0/2 24:54 3:23 4:58
Eric Gelinas 0 0 0 0 2 1 2 1 0 0 0/0 25:18 3:03 3:48
Erik Gudbranson 0 0 0 0 2 3 3 1 1 1 0/0 26:21 3:03 3:42
Erik Haula 0 2 2 1 0 2 2 2 0 0 9/14 21:19 3:04 4:30
Garnet Hathaway 1 0 1 0 2 2 1 0 1 0 0/0 7:31 0:12 0:00
Jordan Martinook 1 0 1 1 4 3 2 0 1 0 0/0 18:10 2:59 2:49
Ladislav Smid 0 0 0 0 0 3 0 0 0 0 0/0 23:31 3:42 5:50
Mark Stuart 0 0 0 0 0 1 1 2 0 0 0/0 22:52 3:42 5:02
Michael Frolik 1 2 3 1 0 5 1 0 0 1 0/1 17:24 3:02 1:28
Pierre-Edouard Bellemare 0 0 0 0 0 0 0 0 0 0 0/1 7:19 0:00 0:00
Riley Sheahan 0 0 0 -1 0 0 0 1 0 0 1/1 10:17 0:22 0:00
Rostislav Olesz 0 0 0 -1 0 1 0 1 0 0 1/1 10:33 0:20 0:46
Taylor Chorney 0 0 0 -1 0 0 0 3 0 0 0/0 12:50 0:02 0:00
Tim Schaller 0 1 1 0 0 2 2 0 0 0 0/0 7:19 0:00 0:00
Players Stats for Flames
Player Name G A P +/- PIM S H SB GA TA FO MP PP MP PK MP
------------------------------------------------------------------------------------
Anders Lee 2 1 3 2 0 2 2 1 0 0 3/5 11:19 0:14 1:06
Brad Marchand 0 1 1 1 0 0 0 3 0 0 1/3 20:01 0:00 4:01
Bryan Rust 1 0 1 1 2 4 0 1 0 0 2/2 18:10 0:02 1:41
Colby Robak 0 1 1 0 2 1 2 1 0 0 0/0 13:32 0:03 2:32
Colin Wilson 0 0 0 0 0 3 1 0 0 0 2/4 7:54 0:00 0:00
David Savard 0 0 0 0 0 0 0 0 0 0 0/0 10:28 0:00 0:37
David Ullstrom 0 3 3 2 0 1 1 0 0 1 0/0 11:57 0:00 2:00
Eric Staal 0 0 0 1 0 6 2 0 0 0 11/24 22:56 5:10 1:40
Erik Johnson 0 0 0 2 2 0 2 0 0 1 0/0 30:36 5:16 3:03
Esa Lindell 0 1 1 -1 0 2 1 1 1 0 0/0 17:47 4:39 0:01
Jake DeBrusk 0 0 0 0 0 1 2 1 0 0 0/0 12:36 4:33 0:00
Jimmy Hayes 0 0 0 -2 2 2 0 0 1 0 1/1 17:21 5:20 0:00
Kevin Labanc 0 0 0 0 0 2 2 0 0 0 0/0 12:36 4:33 0:00
Kyle Palmieri 0 1 1 2 0 2 3 0 0 0 0/0 8:49 0:00 0:00
Mathieu Brodeur 0 0 0 -1 0 0 3 0 0 2 0/0 21:54 4:39 3:07
Patrik Berglund 0 0 0 -2 0 1 0 1 0 1 4/15 20:58 4:33 3:06
Sami Vatanen 1 0 1 2 0 4 2 4 1 0 0/0 30:52 5:13 4:14
Tanner Pearson 0 0 0 -2 0 0 0 0 0 0 0/0 18:23 5:20 0:00
3 Stars
1 - Anders Lee (Cal)
2 - Michael Frolik (Ott)
3 - David Ullstrom (Cal)
Power Play
Senateurs - 1 on 4 Attempt(s) - 25.00%
Flames - 0 on 5 Attempt(s) - 0.00%
Penalty Kill
Senateurs - 5 on 5 Attempt(s) - 100.00%
- Score 0 goal in Penalty Kill
Flames - 3 on 4 Attempt(s) - 75.00%
- Score 0 goal in Penalty Kill
Team Stat
Senateurs - Hits : 21 - Faceoff Wins : 30 - Blocked Shots : 15 - Penalty Minutes : 10
Flames - Hits : 23 - Faceoff Wins : 24 - Blocked Shots : 13 - Penalty Minutes : 8
Official
Referees : Beaudry Halkidis and Marc Joannette
Linesman : Jonny Murray and Vaughan Rody
Game Notes
No Game Note
Finance
Level 1 -- Attendance: 6000 (100.00%) -- Ticket Income $600,000
Level 2 -- Attendance: 4656 (93.12%) -- Ticket Income $279,360
Level 3 -- Attendance: 2000 (100.00%) -- Ticket Income $70,000
Level 4 -- Attendance: 4000 (100.00%) -- Ticket Income $100,000
Luxury Box -- Attendance: 915 (91.50%) -- Ticket Income $183,000
Game was played at the Scotiabank Saddledome.
Total Attendance: 17571 (97.62%)
Total Ticket Income: $1,232,360
Other Income: $184,854
Total Income: $1,417,214
Senateurs
5 vs 5 Forward
Center Left Wing Right Wing Time % Phy DF OF
1 Brandon Sutter Derick Brassard David Backes 40 0 2 3
2 Erik Haula Jordan Martinook Michael Frolik 30 0 2 3
3 Brandon Dubinsky Rostislav Olesz Riley Sheahan 20 0 2 3
4 Pierre-Edouard Bellemare Tim Schaller Garnet Hathaway 10 1 2 2
5 vs 5 Defense
Defense Defense Time % Phy DF OF
1 Erik Gudbranson Eric Gelinas 40 0 2 3
2 Mark Stuart Ladislav Smid 35 0 2 3
3 Braydon Coburn Taylor Chorney 25 0 2 3
4 Erik Gudbranson Eric Gelinas 0 1 2 2
PowerPlay Forward
Center Left Wing Right Wing Time % Phy DF OF
1 Brandon Sutter Derick Brassard David Backes 50 0 1 4
2 Erik Haula Jordan Martinook Michael Frolik 50 0 1 4
PowerPlay Defense
Defense Defense Time % Phy DF OF
1 Erik Gudbranson Eric Gelinas 50 0 1 4
2 Mark Stuart Ladislav Smid 50 0 1 4
Penalty Kill 4 Players Forward
Center Wing Time % Phy DF OF
1 Brandon Sutter Derick Brassard 50 1 3 1
2 Erik Haula Jordan Martinook 50 1 3 1
Penalty Kill 4 Players Defense
Defense Defense Time % Phy DF OF
1 Erik Gudbranson Eric Gelinas 50 1 3 1
2 Mark Stuart Ladislav Smid 50 1 3 1
Penalty Kill - 3 Players Forward
Forward Time % Phy DF OF
1 Brandon Sutter 50 1 4 0
2 Erik Haula 50 1 4 0
Penalty Kill - 3 Players Defense
Defense Defense Time % Phy DF OF
1 Erik Gudbranson Eric Gelinas 50 1 4 0
2 Mark Stuart Ladislav Smid 50 1 4 0
4 vs 4 Forward
Center Wing Time % Phy DF OF
1 Brandon Sutter Derick Brassard 60 0 2 3
2 Erik Haula Jordan Martinook 40 0 2 3
4 vs 4 Defense
Defense Defense Time % Phy DF OF
1 Erik Gudbranson Eric Gelinas 60 0 2 3
2 Mark Stuart Ladislav Smid 40 0 2 3
Last Minutes Offensive
Center Left Wing Right Wing Defense Defense
Brandon Sutter Derick Brassard David Backes Erik Gudbranson Eric Gelinas
Last Minutes Defensive
Center Left Wing Right Wing Defense Defense
Brandon Sutter Derick Brassard David Backes Erik Gudbranson Eric Gelinas
Goaltenders
Starting : Martin Jones
Backup : Jaroslav Halak
Extra Forwards
Normal : Michael Frolik, Riley Sheahan, Brandon Dubinsky - PP : Michael Frolik, Riley Sheahan - PK : Michael Frolik
Extra Defensemen
Normal : Ladislav Smid, Braydon Coburn, Taylor Chorney - PP : Ladislav Smid - PK : Ladislav Smid, Braydon Coburn
Penalty Shots
Derick Brassard, Brandon Sutter, Erik Haula, David Backes, Michael Frolik
Custom OT Lines Forwards
Derick Brassard, Brandon Sutter, Erik Haula, David Backes, Michael Frolik, Riley Sheahan, Brandon Dubinsky, Pierre-Edouard Bellemare, Jordan Martinook, Rostislav Olesz
Custom OT Lines Defensemen
Erik Gudbranson, Eric Gelinas, Mark Stuart, Ladislav Smid, Braydon Coburn
Scratches
Dennis Everberg (Healthy), Dmitry Sinitsyn (Healthy), Kyle Rau (Healthy)
Flames
5 vs 5 Forward
Center Left Wing Right Wing Time % Phy DF OF
1 Eric Staal Brad Marchand Bryan Rust 40 1 2 2
2 Patrik Berglund Tanner Pearson Jimmy Hayes 30 1 2 2
3 Colin Wilson Jake DeBrusk Kevin Labanc 20 1 2 2
4 Anders Lee David Ullstrom Kyle Palmieri 10 1 2 2
5 vs 5 Defense
Defense Defense Time % Phy DF OF
1 Erik Johnson Sami Vatanen 40 1 2 2
2 Esa Lindell Mathieu Brodeur 30 1 2 2
3 Colby Robak David Savard 20 1 2 2
4 Erik Johnson Sami Vatanen 10 1 2 2
PowerPlay Forward
Center Left Wing Right Wing Time % Phy DF OF
1 Eric Staal Tanner Pearson Jimmy Hayes 60 1 1 3
2 Patrik Berglund Jake DeBrusk Kevin Labanc 40 1 1 3
PowerPlay Defense
Defense Defense Time % Phy DF OF
1 Erik Johnson Sami Vatanen 60 1 1 3
2 Esa Lindell Mathieu Brodeur 40 1 1 3
Penalty Kill 4 Players Forward
Center Wing Time % Phy DF OF
1 Patrik Berglund Brad Marchand 60 1 2 2
2 Eric Staal Bryan Rust 40 1 2 2
Penalty Kill 4 Players Defense
Defense Defense Time % Phy DF OF
1 Erik Johnson Sami Vatanen 60 1 2 2
2 Colby Robak Mathieu Brodeur 40 1 2 2
Penalty Kill - 3 Players Forward
Forward Time % Phy DF OF
1 Eric Staal 60 1 2 2
2 Patrik Berglund 40 1 2 2
Penalty Kill - 3 Players Defense
Defense Defense Time % Phy DF OF
1 Erik Johnson Sami Vatanen 60 1 2 2
2 Colby Robak Mathieu Brodeur 40 1 2 2
4 vs 4 Forward
Center Wing Time % Phy DF OF
1 Eric Staal Bryan Rust 60 1 2 2
2 Patrik Berglund Brad Marchand 40 1 2 2
4 vs 4 Defense
Defense Defense Time % Phy DF OF
1 Erik Johnson Sami Vatanen 60 1 2 2
2 Esa Lindell Mathieu Brodeur 40 1 2 2
Last Minutes Offensive
Center Left Wing Right Wing Defense Defense
Eric Staal Brad Marchand Bryan Rust Erik Johnson Sami Vatanen
Last Minutes Defensive
Center Left Wing Right Wing Defense Defense
Eric Staal Brad Marchand Bryan Rust Erik Johnson Sami Vatanen
Goaltenders
Starting : Henrik Lundqvist
Backup : Christopher Gibson
Extra Forwards
Normal : Tanner Pearson, Jimmy Hayes, Patrik Berglund - PP : Jake DeBrusk, Anders Lee - PK : Bryan Rust
Extra Defensemen
Normal : Colby Robak, Esa Lindell, Mathieu Brodeur - PP : Esa Lindell - PK : Mathieu Brodeur, David Savard
Penalty Shots
Eric Staal, Tanner Pearson, Jimmy Hayes, Kyle Palmieri, Patrik Berglund
Custom OT Lines Forwards
Eric Staal, Tanner Pearson, Patrik Berglund, Jimmy Hayes, Bryan Rust, Brad Marchand, Colin Wilson, Jake DeBrusk, Kevin Labanc, Kyle Palmieri
Custom OT Lines Defensemen
Erik Johnson, Sami Vatanen, Mathieu Brodeur, Esa Lindell, Colby Robak
Scratches
Chris Brown (Healthy), Christian Folin (Healthy), Matthew Nieto (Healthy), Victor Rask (Healthy)
% Time on Ice - Senateurs
Lines # - Real PCT - Wanted PCT - Time Play
Normal Forward
1 - 34% - 40% - 14:36
2 - 27% - 30% - 11:45
3 - 22% - 20% - 9:20
4 - 17% - 10% - 7:19
Normal Defense
1 - 38% - 40% - 16:25
2 - 34% - 35% - 14:36
3 - 28% - 25% - 11:59
4 - 0% - 0% - 0:00
PP Forward
1 - 52% - 50% - 3:33
2 - 48% - 50% - 3:14
PP Defense
1 - 45% - 50% - 3:03
2 - 55% - 50% - 3:44
PK Forward
1 - 45% - 50% - 4:28
2 - 55% - 50% - 5:27
PK Defense
1 - 54% - 50% - 5:23
2 - 46% - 50% - 4:32
PK3 Forward
1 - 0% - 50%
2 - 0% - 50%
PK3 Defense
1 - 0% - 50%
2 - 0% - 50%
44 Forward
1 - 0% - 60%
2 - 0% - 40%
44 Defense
1 - 0% - 60%
2 - 0% - 40%
Last Minute Offensive - 0:18
Last Minute Defensive - 0:00
Total
Forward - 60:00
Defense - 60:00
|
% Time on Ice - Flames
Lines # - Real PCT - Wanted PCT - Time Play
Normal Forward
1 - 36% - 40% - 15:37
2 - 25% - 30% - 10:39
3 - 18% - 20% - 7:54
4 - 21% - 10% - 8:49
Normal Defense
1 - 41% - 40% - 17:47
2 - 33% - 30% - 14:00
3 - 22% - 20% - 9:21
4 - 4% - 10% - 1:51
PP Forward
1 - 54% - 60% - 5:22
2 - 46% - 40% - 4:33
PP Defense
1 - 53% - 60% - 5:16
2 - 47% - 40% - 4:39
PK Forward
1 - 75% - 60% - 5:07
2 - 25% - 40% - 1:40
PK Defense
1 - 63% - 60% - 4:15
2 - 37% - 40% - 2:32
PK3 Forward
1 - 0% - 60%
2 - 0% - 40%
PK3 Defense
1 - 0% - 60%
2 - 0% - 40%
44 Forward
1 - 0% - 60%
2 - 0% - 40%
44 Defense
1 - 0% - 60%
2 - 0% - 40%
Last Minute Offensive - 0:00
Last Minute Defensive - 0:19
Total
Forward - 60:00
Defense - 60:00
|
Play-by-Play
1st period
0:01 of 1st period - Brandon Sutter wins face-off versus Eric Staal in neutral zone.
0:22 of 1st period - Minor Penalty to Bryan Rust for Hooking.
0:23 of 1st period - Brandon Sutter wins face-off versus Patrik Berglund in Flames zone.
1:18 of 1st period - Icing by Derick Brassard.
1:19 of 1st period - Eric Staal wins face-off versus Erik Haula in Senateurs zone.
2:22 of 1st period - Penalty to Bryan Rust is over, Bryan Rust is back on ice.
3:10 of 1st period - Wrist shot by Patrik Berglund.
3:10 of 1st period - Shot Misses the Net.
3:16 of 1st period - David Ullstrom is hit by Jordan Martinook and loses puck.
3:58 of 1st period - Wrist shot by Eric Staal.
3:58 of 1st period - Shot Misses the Net.
4:00 of 1st period - Slapshot by Sami Vatanen.
4:00 of 1st period - Stopped by Martin Jones with a rebound.
4:02 of 1st period - Slapshot by Erik Johnson.
4:02 of 1st period - Shot Misses the Net.
4:04 of 1st period - Slapshot by Sami Vatanen.
4:04 of 1st period - Stopped by Martin Jones with a rebound.
4:46 of 1st period - Snap shot by Riley Sheahan.
4:46 of 1st period - Deflect By Colin Wilson.
4:46 of 1st period - Shot Misses the Net.
4:46 of 1st period - Puck is out of play.
4:47 of 1st period - Eric Staal wins face-off versus Brandon Sutter in Flames zone.
4:51 of 1st period - Off-side.
4:52 of 1st period - Eric Staal wins face-off versus Brandon Sutter in neutral zone.
5:19 of 1st period - Kevin Labanc is hit by Erik Haula and loses puck.
5:26 of 1st period - Wrist shot by Michael Frolik.
5:26 of 1st period - Stopped by Henrik Lundqvist with a rebound.
5:28 of 1st period - Wrist shot by Jordan Martinook.
5:28 of 1st period - Shot Blocked by Jake DeBrusk.
5:30 of 1st period - Slapshot by Mark Stuart.
5:30 of 1st period - Stopped by Henrik Lundqvist with a rebound.
5:46 of 1st period - Wrist shot by Jimmy Hayes.
5:46 of 1st period - Stopped by Martin Jones with a rebound.
6:18 of 1st period - Snap shot by Derick Brassard.
6:18 of 1st period - Shot Blocked by Brad Marchand.
6:20 of 1st period - Slapshot by Erik Gudbranson.
6:20 of 1st period - Shot Misses the Net.
6:22 of 1st period - Wrist shot by David Backes.
6:22 of 1st period - Stopped by Henrik Lundqvist with a rebound.
6:24 of 1st period - Snap shot by Brandon Sutter.
6:24 of 1st period - Stopped by Henrik Lundqvist with a rebound.
6:26 of 1st period - Slapshot by Erik Gudbranson.
6:26 of 1st period - Stopped by Henrik Lundqvist with a rebound.
6:28 of 1st period - Wrist shot by David Backes.
6:28 of 1st period - Shot Misses the Net.
6:30 of 1st period - Wrist shot by Derick Brassard.
6:30 of 1st period - Deflect By Brandon Sutter.
6:30 of 1st period - Stopped by Henrik Lundqvist without a rebound.
6:31 of 1st period - Erik Haula wins face-off versus Patrik Berglund in Flames zone.
6:40 of 1st period - Wrist shot by Michael Frolik.
6:40 of 1st period - Shot Misses the Net.
6:48 of 1st period - Wrist shot by Jordan Martinook.
6:48 of 1st period - Stopped by Henrik Lundqvist with a rebound.
7:22 of 1st period - Off-side.
7:23 of 1st period - Eric Staal wins face-off versus Brandon Dubinsky in neutral zone.
7:28 of 1st period - Slapshot by Eric Staal.
7:28 of 1st period - Shot Misses the Net.
7:33 of 1st period - Minor Penalty to Erik Gudbranson for Hooking.
7:34 of 1st period - Brandon Sutter wins face-off versus Eric Staal in Senateurs zone.
7:50 of 1st period - Snap shot by Eric Staal.
7:50 of 1st period - Shot Misses the Net.
9:10 of 1st period - Kevin Labanc is hit by Erik Haula and loses puck.
9:26 of 1st period - Icing by Jimmy Hayes.
9:27 of 1st period - Eric Staal wins face-off versus Brandon Sutter in Flames zone.
9:33 of 1st period - Penalty to Erik Gudbranson is over, Erik Gudbranson is back on ice.
9:34 of 1st period - Ladislav Smid is hit by Jake DeBrusk and loses puck.
9:50 of 1st period - Kyle Palmieri is hit by Erik Gudbranson and loses puck.
10:51 of 1st period - Kevin Labanc is hit by Tim Schaller.
11:09 of 1st period - Rostislav Olesz is hit by Mathieu Brodeur and loses puck.
11:14 of 1st period - Snap shot by Anders Lee.
11:14 of 1st period - Deflect By David Ullstrom.
11:14 of 1st period - Shot Blocked by Eric Gelinas.
11:14 of 1st period - Puck is out of play.
11:15 of 1st period - Rostislav Olesz wins face-off versus Anders Lee in Senateurs zone.
11:15 of 1st period - Rostislav Olesz is hit by Kyle Palmieri.
11:21 of 1st period - Anders Lee is hit by Brandon Dubinsky.
11:46 of 1st period - Slapshot by Anders Lee.
11:46 of 1st period - Shot Misses the Net.
11:48 of 1st period - Wrist shot by Sami Vatanen.
11:48 of 1st period - Goal by Sami Vatanen - Senateurs : 0 - Flames : 1.
11:49 of 1st period - Brandon Sutter wins face-off versus Patrik Berglund in neutral zone.
12:16 of 1st period - Erik Haula is hit by Eric Staal and loses puck.
13:03 of 1st period - Slapshot by Anders Lee.
13:03 of 1st period - Shot Misses the Net.
13:05 of 1st period - Snap shot by Sami Vatanen.
13:05 of 1st period - Stopped by Martin Jones without a rebound.
13:06 of 1st period - Anders Lee wins face-off versus Brandon Sutter in Senateurs zone.
13:33 of 1st period - Jordan Martinook is hit by Colby Robak and loses puck.
13:43 of 1st period - Icing by Erik Gudbranson.
13:44 of 1st period - Patrik Berglund wins face-off versus Erik Haula in Senateurs zone.
13:47 of 1st period - Wrist shot by Patrik Berglund.
13:47 of 1st period - Stopped by Martin Jones with a rebound.
13:53 of 1st period - Sami Vatanen is hit by Michael Frolik and loses puck.
14:00 of 1st period - Snap shot by Jordan Martinook.
14:00 of 1st period - Shot Blocked by Sami Vatanen.
14:10 of 1st period - Wrist shot by Erik Haula.
14:10 of 1st period - Shot Misses the Net.
14:12 of 1st period - Slapshot by Eric Gelinas.
14:12 of 1st period - Deflect By Patrik Berglund.
14:12 of 1st period - Stopped by Henrik Lundqvist with a rebound.
14:14 of 1st period - Slapshot by Erik Gudbranson.
14:14 of 1st period - Stopped by Henrik Lundqvist with a rebound.
14:16 of 1st period - Snap shot by Michael Frolik.
14:16 of 1st period - Stopped by Henrik Lundqvist with a rebound.
14:51 of 1st period - Minor Penalty to Jimmy Hayes for Cross-checking.
14:52 of 1st period - Bryan Rust wins face-off versus Brandon Sutter in Flames zone.
15:04 of 1st period - Wrist shot by Derick Brassard.
15:04 of 1st period - Stopped by Henrik Lundqvist with a rebound.
15:06 of 1st period - Wrist shot by Brandon Sutter.
15:06 of 1st period - Shot Blocked by Brad Marchand.
15:08 of 1st period - Wrist shot by Brandon Sutter.
15:08 of 1st period - Shot Misses the Net.
15:38 of 1st period - Ladislav Smid is hit by David Ullstrom and loses puck.
16:51 of 1st period - Penalty to Jimmy Hayes is over, Jimmy Hayes is back on ice.
18:11 of 1st period - Snap shot by Jimmy Hayes.
18:11 of 1st period - Shot Blocked by Mark Stuart.
18:13 of 1st period - Snap shot by Tanner Pearson.
18:13 of 1st period - Shot Misses the Net.
18:23 of 1st period - Snap shot by David Ullstrom.
18:23 of 1st period - Deflect By Kyle Palmieri.
18:23 of 1st period - Stopped by Martin Jones without a rebound.
18:24 of 1st period - Anders Lee wins face-off versus Michael Frolik in Senateurs zone.
19:06 of 1st period - Snap shot by Patrik Berglund.
19:06 of 1st period - Shot Blocked by Taylor Chorney.
19:08 of 1st period - Slapshot by David Savard.
19:08 of 1st period - Shot Blocked by Taylor Chorney.
19:10 of 1st period - Snap shot by Colby Robak.
19:10 of 1st period - Stopped by Martin Jones with a rebound.
19:12 of 1st period - Slapshot by David Savard.
19:12 of 1st period - Shot Misses the Net.
19:46 of 1st period - Snap shot by Garnet Hathaway.
19:46 of 1st period - Stopped by Henrik Lundqvist with a rebound.
19:48 of 1st period - Slapshot by Tim Schaller.
19:48 of 1st period - Stopped by Henrik Lundqvist without a rebound.
19:49 of 1st period - Eric Staal wins face-off versus Brandon Sutter in Flames zone.
Goals for this period are 0 for Senateurs vs 1 for Flames.
Shots for this period are 13 for Senateurs vs 8 for Flames.
2nd period
0:01 of 2nd period - Brandon Sutter wins face-off versus Brad Marchand in neutral zone.
0:38 of 2nd period - Wrist shot by Riley Sheahan.
0:38 of 2nd period - Shot Misses the Net.
0:40 of 2nd period - Slapshot by Mark Stuart.
0:40 of 2nd period - Shot Blocked by Sami Vatanen.
1:08 of 2nd period - Minor Penalty to Jordan Martinook for High sticking.
1:09 of 2nd period - Erik Haula wins face-off versus Eric Staal in Senateurs zone.
1:20 of 2nd period - Snap shot by Derick Brassard.
1:20 of 2nd period - Shot Misses the Net.
1:26 of 2nd period - Mathieu Brodeur is hit by Erik Gudbranson and loses puck.
2:13 of 2nd period - Jake DeBrusk is hit by Derick Brassard and loses puck.
2:46 of 2nd period - Ladislav Smid is hit by Kevin Labanc and loses puck.
3:08 of 2nd period - Penalty to Jordan Martinook is over, Jordan Martinook is back on ice.
3:46 of 2nd period - Slapshot by Kyle Palmieri.
3:46 of 2nd period - Stopped by Martin Jones without a rebound.
3:47 of 2nd period - Brandon Dubinsky wins face-off versus Anders Lee in Senateurs zone.
3:57 of 2nd period - Wrist shot by David Ullstrom.
3:57 of 2nd period - Shot Blocked by Rostislav Olesz.
4:08 of 2nd period - Off-side.
4:09 of 2nd period - Colin Wilson wins face-off versus Pierre-Edouard Bellemare in neutral zone.
4:18 of 2nd period - Slapshot by Kevin Labanc.
4:18 of 2nd period - Stopped by Martin Jones with a rebound.
4:20 of 2nd period - Slapshot by Colin Wilson.
4:20 of 2nd period - Stopped by Martin Jones with a rebound.
4:22 of 2nd period - Snap shot by Erik Johnson.
4:22 of 2nd period - Shot Misses the Net.
4:24 of 2nd period - Wrist shot by Kevin Labanc.
4:24 of 2nd period - Stopped by Martin Jones with a rebound.
4:26 of 2nd period - Wrist shot by Colin Wilson.
4:26 of 2nd period - Stopped by Martin Jones with a rebound.
4:36 of 2nd period - Brandon Sutter is hit by Erik Johnson.
5:10 of 2nd period - Wrist shot by Sami Vatanen.
5:10 of 2nd period - Shot Hit the Post.
5:54 of 2nd period - Slapshot by Garnet Hathaway.
5:54 of 2nd period - Shot Misses the Net.
5:56 of 2nd period - Slapshot by Ladislav Smid.
5:56 of 2nd period - Stopped by Henrik Lundqvist with a rebound.
5:58 of 2nd period - Snap shot by Tim Schaller.
5:58 of 2nd period - Shot Blocked by Colby Robak.
6:00 of 2nd period - Snap shot by Ladislav Smid.
6:00 of 2nd period - Stopped by Henrik Lundqvist with a rebound.
6:02 of 2nd period - Snap shot by Pierre-Edouard Bellemare.
6:02 of 2nd period - Shot Blocked by Anders Lee.
6:38 of 2nd period - Wrist shot by Eric Staal.
6:38 of 2nd period - Stopped by Martin Jones without a rebound.
6:39 of 2nd period - Brad Marchand wins face-off versus David Backes in Senateurs zone.
6:44 of 2nd period - Wrist shot by Bryan Rust.
6:44 of 2nd period - Stopped by Martin Jones with a rebound.
9:00 of 2nd period - David Ullstrom is hit by Eric Gelinas and loses puck.
9:12 of 2nd period - Off-side.
9:13 of 2nd period - Brandon Sutter wins face-off versus Eric Staal in neutral zone.
9:16 of 2nd period - Erik Johnson is hit by Derick Brassard and loses puck.
9:23 of 2nd period - Snap shot by David Backes.
9:23 of 2nd period - Shot Misses the Net.
9:25 of 2nd period - Slapshot by Brandon Sutter.
9:25 of 2nd period - Shot Misses the Net.
9:27 of 2nd period - Slapshot by Ladislav Smid.
9:27 of 2nd period - Stopped by Henrik Lundqvist without a rebound.
9:28 of 2nd period - Brandon Sutter wins face-off versus Patrik Berglund in Flames zone.
10:19 of 2nd period - Backhand shot by Rostislav Olesz.
10:19 of 2nd period - Shot Blocked by Sami Vatanen.
10:50 of 2nd period - David Ullstrom is hit by Tim Schaller and loses puck.
11:05 of 2nd period - Wrist shot by David Ullstrom.
11:05 of 2nd period - Shot Blocked by Taylor Chorney.
11:07 of 2nd period - Snap shot by Anders Lee.
11:07 of 2nd period - Goal by Anders Lee - Senateurs : 0 - Flames : 2.
11:08 of 2nd period - Eric Staal wins face-off versus Brandon Sutter in neutral zone.
11:21 of 2nd period - Slapshot by Eric Staal.
11:21 of 2nd period - Shot Blocked by Erik Gudbranson.
11:23 of 2nd period - Wrist shot by Mathieu Brodeur.
11:23 of 2nd period - Shot Misses the Net.
11:25 of 2nd period - Backhand shot by Bryan Rust.
11:25 of 2nd period - Shot Misses the Net.
11:35 of 2nd period - Esa Lindell is hit by Eric Gelinas and loses puck.
11:42 of 2nd period - Wrist shot by Jordan Martinook.
11:42 of 2nd period - Goal by Jordan Martinook - Senateurs : 1 - Flames : 2.
11:43 of 2nd period - Brandon Sutter wins face-off versus Eric Staal in neutral zone.
11:50 of 2nd period - Wrist shot by Brandon Sutter.
11:50 of 2nd period - Stopped by Henrik Lundqvist without a rebound.
11:51 of 2nd period - Eric Staal wins face-off versus Brandon Sutter in Flames zone.
12:15 of 2nd period - Snap shot by Bryan Rust.
12:15 of 2nd period - Stopped by Martin Jones with a rebound.
12:17 of 2nd period - Backhand shot by Brad Marchand.
12:17 of 2nd period - Shot Blocked by Mark Stuart.
13:10 of 2nd period - Slapshot by Brandon Sutter.
13:10 of 2nd period - Shot Blocked by Bryan Rust.
13:20 of 2nd period - Wrist shot by Brandon Sutter.
13:20 of 2nd period - Shot Misses the Net.
14:22 of 2nd period - Snap shot by Bryan Rust.
14:22 of 2nd period - Stopped by Martin Jones with a rebound.
14:30 of 2nd period - Backhand shot by Eric Staal.
14:30 of 2nd period - Stopped by Martin Jones with a rebound.
14:36 of 2nd period - Wrist shot by Eric Staal.
14:36 of 2nd period - Stopped by Martin Jones without a rebound.
14:37 of 2nd period - Jimmy Hayes wins face-off versus Erik Haula in Senateurs zone.
14:44 of 2nd period - Snap shot by Michael Frolik.
14:44 of 2nd period - Stopped by Henrik Lundqvist with a rebound.
14:54 of 2nd period - Slapshot by Jordan Martinook.
14:54 of 2nd period - Stopped by Henrik Lundqvist without a rebound.
14:55 of 2nd period - Brandon Dubinsky wins face-off versus Colin Wilson in Flames zone.
14:56 of 2nd period - Slapshot by Erik Gudbranson.
14:56 of 2nd period - Stopped by Henrik Lundqvist with a rebound.
15:12 of 2nd period - Wrist shot by Rostislav Olesz.
15:12 of 2nd period - Stopped by Henrik Lundqvist with a rebound.
15:46 of 2nd period - Snap shot by Tim Schaller.
15:46 of 2nd period - Stopped by Henrik Lundqvist with a rebound.
15:48 of 2nd period - Wrist shot by Garnet Hathaway.
15:48 of 2nd period - Shot Misses the Net.
15:54 of 2nd period - Wrist shot by Garnet Hathaway.
15:54 of 2nd period - Goal by Garnet Hathaway - Senateurs : 2 - Flames : 2.
15:55 of 2nd period - Erik Haula wins face-off versus Patrik Berglund in neutral zone.
16:06 of 2nd period - Wrist shot by Erik Haula.
16:06 of 2nd period - Shot Blocked by Esa Lindell.
16:08 of 2nd period - Snap shot by Michael Frolik.
16:08 of 2nd period - Shot Misses the Net.
16:10 of 2nd period - Slapshot by Michael Frolik.
16:10 of 2nd period - Goal by Michael Frolik - Senateurs : 3 - Flames : 2.
16:11 of 2nd period - Erik Haula wins face-off versus Patrik Berglund in neutral zone.
16:42 of 2nd period - Slapshot by David Ullstrom.
16:42 of 2nd period - Shot Misses the Net.
16:48 of 2nd period - Anders Lee is hit by Jordan Martinook and loses puck.
17:13 of 2nd period - Snap shot by Erik Haula.
17:13 of 2nd period - Shot Misses the Net.
17:37 of 2nd period - Wrist shot by Michael Frolik.
17:37 of 2nd period - Stopped by Henrik Lundqvist without a rebound.
17:38 of 2nd period - Patrik Berglund wins face-off versus Derick Brassard in Flames zone.
18:10 of 2nd period - Snap shot by Bryan Rust.
18:10 of 2nd period - Shot Misses the Net.
18:12 of 2nd period - Wrist shot by Brad Marchand.
18:12 of 2nd period - Shot Misses the Net.
18:14 of 2nd period - Wrist shot by Eric Staal.
18:14 of 2nd period - Stopped by Martin Jones with a rebound.
19:16 of 2nd period - David Backes is hit by Eric Staal and loses puck.
19:39 of 2nd period - Braydon Coburn is hit by Sami Vatanen and loses puck.
19:56 of 2nd period - Braydon Coburn is hit by Esa Lindell and loses puck.
Goals for this period are 3 for Senateurs vs 1 for Flames.
Shots for this period are 13 for Senateurs vs 13 for Flames.
3rd period
0:01 of 3rd period - Brandon Sutter wins face-off versus Eric Staal in neutral zone.
0:04 of 3rd period - Sami Vatanen is hit by David Backes and loses puck.
0:10 of 3rd period - Minor Penalty to Erik Johnson for Hooking.
0:11 of 3rd period - Erik Haula wins face-off versus Patrik Berglund in Flames zone.
0:23 of 3rd period - Backhand shot by Michael Frolik.
0:23 of 3rd period - Shot Misses the Net.
1:53 of 3rd period - Jordan Martinook is hit by Anders Lee and loses puck.
2:10 of 3rd period - Penalty to Erik Johnson is over, Erik Johnson is back on ice.
2:26 of 3rd period - Erik Johnson is hit by Mark Stuart and loses puck.
2:37 of 3rd period - Braydon Coburn is hit by Sami Vatanen and loses puck.
2:44 of 3rd period - Erik Johnson is hit by Garnet Hathaway.
4:05 of 3rd period - Minor Penalty to Garnet Hathaway for Hooking.
4:06 of 3rd period - Eric Staal wins face-off versus Brandon Sutter in Senateurs zone.
4:07 of 3rd period - Wrist shot by Jimmy Hayes.
4:07 of 3rd period - Stopped by Martin Jones without a rebound.
4:08 of 3rd period - Brandon Sutter wins face-off versus Eric Staal in Senateurs zone.
4:45 of 3rd period - Ladislav Smid is hit by Kevin Labanc and loses puck.
6:05 of 3rd period - Penalty to Garnet Hathaway is over, Garnet Hathaway is back on ice.
6:31 of 3rd period - Snap shot by David Ullstrom.
6:31 of 3rd period - Deflect By Brandon Dubinsky.
6:31 of 3rd period - Stopped by Martin Jones with a rebound.
6:33 of 3rd period - Slapshot by Colby Robak.
6:33 of 3rd period - Shot Misses the Net.
6:51 of 3rd period - Icing by Esa Lindell.
6:52 of 3rd period - Colin Wilson wins face-off versus Brandon Sutter in Flames zone.
7:05 of 3rd period - Ladislav Smid is hit by Kyle Palmieri and loses puck.
8:00 of 3rd period - Ladislav Smid is hit by Colin Wilson and loses puck.
8:22 of 3rd period - Slapshot by Tanner Pearson.
8:22 of 3rd period - Shot Misses the Net.
8:47 of 3rd period - Wrist shot by Eric Staal.
8:47 of 3rd period - Stopped by Martin Jones with a rebound.
8:49 of 3rd period - Slapshot by Esa Lindell.
8:49 of 3rd period - Stopped by Martin Jones without a rebound.
8:50 of 3rd period - Patrik Berglund wins face-off versus Brandon Sutter in Senateurs zone.
8:55 of 3rd period - Snap shot by Patrik Berglund.
8:55 of 3rd period - Shot Blocked by Derick Brassard.
9:05 of 3rd period - Snap shot by David Backes.
9:05 of 3rd period - Stopped by Henrik Lundqvist without a rebound.
9:06 of 3rd period - Erik Haula wins face-off versus Eric Staal in Flames zone.
9:32 of 3rd period - Tanner Pearson is hit by Derick Brassard and loses puck.
9:37 of 3rd period - Slapshot by David Backes.
9:37 of 3rd period - Shot Misses the Net.
9:57 of 3rd period - Slapshot by Jake DeBrusk.
9:57 of 3rd period - Shot Misses the Net.
9:59 of 3rd period - Wrist shot by Jake DeBrusk.
9:59 of 3rd period - Shot Blocked by Braydon Coburn.
10:01 of 3rd period - Slapshot by Sami Vatanen.
10:01 of 3rd period - Shot Misses the Net.
10:03 of 3rd period - Slapshot by Colin Wilson.
10:03 of 3rd period - Stopped by Martin Jones with a rebound.
10:05 of 3rd period - Wrist shot by Jake DeBrusk.
10:05 of 3rd period - Stopped by Martin Jones with a rebound.
10:32 of 3rd period - Off-side.
10:33 of 3rd period - Anders Lee wins face-off versus Erik Haula in neutral zone.
10:42 of 3rd period - Wrist shot by David Ullstrom.
10:42 of 3rd period - Shot Misses the Net.
10:44 of 3rd period - Slapshot by Colby Robak.
10:44 of 3rd period - Shot Blocked by Erik Haula.
10:46 of 3rd period - Snap shot by Anders Lee.
10:46 of 3rd period - Goal by Anders Lee - Senateurs : 3 - Flames : 3.
10:47 of 3rd period - Brandon Sutter wins face-off versus Eric Staal in neutral zone.
11:04 of 3rd period - Wrist shot by Derick Brassard.
11:04 of 3rd period - Stopped by Henrik Lundqvist with a rebound.
11:42 of 3rd period - Slapshot by Kevin Labanc.
11:42 of 3rd period - Deflect By Jake DeBrusk.
11:42 of 3rd period - Shot Blocked by Riley Sheahan.
11:42 of 3rd period - Puck is out of play.
11:43 of 3rd period - Brandon Dubinsky wins face-off versus Eric Staal in Senateurs zone.
11:50 of 3rd period - Slapshot by Eric Staal.
11:50 of 3rd period - Stopped by Martin Jones without a rebound.
11:51 of 3rd period - Brandon Sutter wins face-off versus Brad Marchand in Senateurs zone.
12:00 of 3rd period - Slapshot by Esa Lindell.
12:00 of 3rd period - Stopped by Martin Jones with a rebound.
12:02 of 3rd period - Wrist shot by Eric Staal.
12:02 of 3rd period - Shot Misses the Net.
12:25 of 3rd period - Mark Stuart is hit by Mathieu Brodeur and loses puck.
12:32 of 3rd period - Wrist shot by Brad Marchand.
12:32 of 3rd period - Shot Hit the Post.
12:36 of 3rd period - Wrist shot by Bryan Rust.
12:36 of 3rd period - Goal by Bryan Rust - Senateurs : 3 - Flames : 4.
12:37 of 3rd period - Patrik Berglund wins face-off versus Erik Haula in neutral zone.
12:45 of 3rd period - Minor Penalty to Jordan Martinook for Hooking.
12:46 of 3rd period - Eric Staal wins face-off versus Derick Brassard in Senateurs zone.
13:20 of 3rd period - Michael Frolik is hit by Jake DeBrusk.
14:45 of 3rd period - Penalty to Jordan Martinook is over, Jordan Martinook is back on ice.
15:00 of 3rd period - Tim Schaller is hit by Kyle Palmieri and loses puck.
15:37 of 3rd period - Brandon Sutter is hit by Anders Lee and loses puck.
15:55 of 3rd period - Minor Penalty to Eric Gelinas for Unsportsmanlike conduct.
15:56 of 3rd period - Brandon Sutter wins face-off versus Eric Staal in Senateurs zone.
16:15 of 3rd period - Snap shot by Erik Haula.
16:15 of 3rd period - Stopped by Henrik Lundqvist without a rebound.
16:16 of 3rd period - Brandon Sutter wins face-off versus Patrik Berglund in Flames zone.
16:43 of 3rd period - Erik Gudbranson is hit by Erik Johnson.
16:47 of 3rd period - Ladislav Smid is hit by Mathieu Brodeur and loses puck.
17:55 of 3rd period - Penalty to Eric Gelinas is over, Eric Gelinas is back on ice.
18:42 of 3rd period - Anders Lee is hit by Erik Gudbranson.
18:58 of 3rd period - Brandon Sutter is hit by Colby Robak and loses puck.
19:08 of 3rd period - Minor Penalty to Colby Robak for Holding Stick.
19:09 of 3rd period - Erik Haula wins face-off versus Patrik Berglund in Flames zone.
19:10 of 3rd period - Senateurs, Martin Jones is pulled from the net.
19:12 of 3rd period - Snap shot by Jordan Martinook.
19:12 of 3rd period - Shot Blocked by Patrik Berglund.
19:14 of 3rd period - Wrist shot by Ladislav Smid.
19:14 of 3rd period - Shot Blocked by Brad Marchand.
19:20 of 3rd period - Wrist shot by Erik Haula.
19:20 of 3rd period - Stopped by Henrik Lundqvist without a rebound.
19:21 of 3rd period - Joel Quenneville call a timeout for Senateurs.
19:21 of 3rd period - Erik Haula wins face-off versus Patrik Berglund in Flames zone.
19:30 of 3rd period - Wrist shot by Erik Haula.
19:30 of 3rd period - Shot Blocked by Sami Vatanen.
19:58 of 3rd period - Snap shot by David Backes.
19:58 of 3rd period - Goal by David Backes - Senateurs : 4 - Flames : 4.
19:58 of 3rd period - Martin Jones from Senateurs was sent back in the game.
19:59 of 3rd period - Brandon Dubinsky wins face-off versus Colin Wilson in neutral zone.
Goals for this period are 1 for Senateurs vs 2 for Flames.
Shots for this period are 5 for Senateurs vs 10 for Flames.
Overtime #1
0:01 of 1st overtime period - Brandon Sutter wins face-off versus Eric Staal in neutral zone.
0:36 of 1st overtime period - Backhand shot by Jimmy Hayes.
0:36 of 1st overtime period - Shot Blocked by David Backes.
0:38 of 1st overtime period - Slapshot by Erik Johnson.
0:38 of 1st overtime period - Deflect By Jimmy Hayes.
0:38 of 1st overtime period - Shot Blocked by Erik Haula.
0:38 of 1st overtime period - Puck is out of play.
0:39 of 1st overtime period - Eric Staal wins face-off versus Brandon Sutter in Senateurs zone.
0:50 of 1st overtime period - Sami Vatanen is hit by Brandon Sutter and loses puck.
1:52 of 1st overtime period - Icing by Sami Vatanen.
1:53 of 1st overtime period - Riley Sheahan wins face-off versus Patrik Berglund in Flames zone.
2:38 of 1st overtime period - Slapshot by Brandon Sutter.
2:38 of 1st overtime period - Stopped by Henrik Lundqvist without a rebound.
2:39 of 1st overtime period - Bryan Rust wins face-off versus Brandon Sutter in Flames zone.
2:51 of 1st overtime period - Wrist shot by Bryan Rust.
2:51 of 1st overtime period - Shot Blocked by Derick Brassard.
3:05 of 1st overtime period - Snap shot by Derick Brassard.
3:05 of 1st overtime period - Stopped by Henrik Lundqvist without a rebound.
3:06 of 1st overtime period - Erik Haula wins face-off versus Eric Staal in Flames zone.
3:40 of 1st overtime period - Jimmy Hayes is hit by Brandon Sutter and loses puck.
Goals for this period are 0 for Senateurs vs 0 for Flames.
Shots for this period are 2 for Senateurs vs 0 for Flames.
ShootOut
5:00 of 1st overtime period - Round #1.
5:00 of 1st overtime period - Senateurs, Derick Brassard.
5:00 of 1st overtime period - Wrist shot by Derick Brassard.
5:00 of 1st overtime period - Stopped by Henrik Lundqvist.
5:00 of 1st overtime period - Flames, Eric Staal.
5:00 of 1st overtime period - Backhand shot by Eric Staal.
5:00 of 1st overtime period - Goal by Eric Staal.
5:00 of 1st overtime period - Round #2.
5:00 of 1st overtime period - Senateurs, Brandon Sutter.
5:00 of 1st overtime period - Wrist shot by Brandon Sutter.
5:00 of 1st overtime period - Stopped by Henrik Lundqvist.
5:00 of 1st overtime period - Flames, Tanner Pearson.
5:00 of 1st overtime period - Deke by Tanner Pearson.
5:00 of 1st overtime period - Shot Misses the Net.
5:00 of 1st overtime period - Round #3.
5:00 of 1st overtime period - Senateurs, Erik Haula.
5:00 of 1st overtime period - Wrist shot by Erik Haula.
5:00 of 1st overtime period - Stopped by Henrik Lundqvist.